 Dungeon Crawl Stone Soup version 0.28.0-1-gb440e238dd (webtiles) character file.

Game seed: 8036767429067462259

26093 iguanaiguana the Timeless (level 12, -1/95 HPs)
             Began as a Palentonga Fighter on Feb 24, 2022.
             Was a High Priest of Cheibriados.
             Slain by a seven-headed hydra (13 damage)
             ... on level 6 of the Lair of Beasts.
             The game lasted 00:48:00 (17985 turns).

iguanaiguana the Timeless (Palentonga Fighter)     Turns: 17985, Time: 00:48:00

Health: -1/95      AC: 17    Str: 33    XL:     12   Next: 95%
Magic:  4/20       EV: 12    Int: 23    God:    Cheibriados [*****.]
Gold:   501        SH:  7    Dex: 23    Spells: 14/21 levels left

rFire   . . .      SeeInvis +   D - +6 morningstar of Intimidation {vorpal, rC+ Stlth+}
rCold   + + .      Faith    +   c - +0 buckler
rNeg    + . .      Spirit   .   z - +2 leather armour {rPois}
rPois   +          Reflect  .   o - +2 helmet
rElec   .          Harm     .   (no cloak)
rCorr   .          Rampage  .   (no gloves)
Will    .....                   (no barding)
Stlth   +++.......              F - amulet of faith
HPRegen 0.25/turn               b - ring of positive energy
MPRegen 0.17/turn               v - ring of protection from cold

@: curled up, very slow
A: large, rugged brown scales 3, see invisible, deformed body, roll 1, armoured
tail, reflexive curl
a: Rolling Charge, Renounce Religion, Bend Time, Temporal Distortion, Slouch,
Step From Time


You were on level 6 of the Lair of Beasts.
You worshipped Cheibriados.
Cheibriados was extremely pleased with you.
You visited 2 branches of the dungeon, and saw 14 of its levels.

You collected 805 gold pieces.
You spent 304 gold pieces at shops.

Inventory:

Hand Weapons
 a - a +0 war axe
 w - a +5 hand axe
 D - the +6 morningstar of Intimidation (weapon) {vorpal, rC+ Stlth+}
   (You bought it in a shop on level 8 of the Dungeon)

   It inflicts extra damage upon your enemies.
   rC:        It protects you from cold.
   Stlth:     It makes you more stealthy.
Missiles
 B - 4 throwing nets
 E - 5 poisoned darts
Armour
 c - a +0 buckler (worn)
 o - a +2 helmet (worn)
 p - a +0 plate armour
 u - the +1 leather armour "Inaacak" {rC+ Str+4}
   (You found it on level 5 of the Dungeon)

   Str:       It affects your strength (+4).
   rC:        It protects you from cold.
 z - a +2 leather armour of poison resistance (worn)
Jewellery
 b - a ring of positive energy (left hand)
 r - a ring of fire
 v - a ring of protection from cold (right hand)
 F - an amulet of faith (around neck)
 L - a ring of poison resistance
Wands
 d - a wand of digging (5) {@v3}
 f - a wand of iceblast (8) {@v2}
 y - a wand of flame (62)
 A - a wand of acid (4) {@v1}
 J - a wand of mindburst (6)
Scrolls
 e - 6 scrolls of teleportation {@r3}
 i - a scroll of blinking {@r4}
 j - 4 scrolls of enchant armour
 k - 5 scrolls of magic mapping {@r5}
 q - 5 scrolls of amnesia
 s - a scroll of fear {unknown}
 t - 2 scrolls of noise {unknown}
 G - a scroll of summoning {unknown}
 H - a scroll of fog {unknown}
 I - 2 scrolls of identify {@r1}
 K - a scroll of enchant weapon {unknown}
Potions
 g - 2 potions of degeneration
 h - a potion of curing {@q1}
 l - a potion of ambrosia {unknown}
 m - 2 potions of mutation
 n - a potion of magic {unknown}
 C - a potion of lignification {unknown}


   Skills:
 + Level 6.4 Fighting
 - Level 6.1(7.6) Axes
 * Level 7.0(8.1) Maces & Flails
 + Level 5.5 Armour
 + Level 4.6 Dodging
 - Level 2.0 Stealth
 * Level 7.7 Shields
 + Level 5.3 Spellcasting
 + Level 4.8 Summonings
 + Level 7.8 Ice Magic
 * Level 9.0 Invocations


You had 14 spell levels left.
You knew the following spells:

 Your Spells              Type           Power      Damage    Failure   Level
a - Frozen Ramparts       Ice            84%        1d10      1%          3
b - Summon Ice Beast      Ice/Summ       35%        N/A       9%          4

Your spell library contained the following spells:

 Spells                   Type           Power      Damage    Failure   Level
 Static Discharge         Conj/Air       6%         N/A       17%         2
 Ice Form                 Ice/Tmut       24%        N/A       22%         4
 Dispel Undead            Necr           6%         3d8       75%         4
 Sticky Flame             Conj/Fire      6%         2d3       75%         4


Dungeon Overview and Level Annotations

Branches:
Dungeon (8/15)             Temple (0/1) D:6            Lair (6/6) D:8
 Shoals (0/4) Lair:3        Snake (0/4) Lair:4        Slime (0/5) Lair:6

Altars:
Cheibriados
Gozag
Kikubaaqudgha

Shops:
D:2 *   D:5 ![(   D:8 (*

Annotations:
D:5 1 exclusion, Dowan, Duvessa
Lair:4 exclusion: oklob plant


Innate Abilities, Weirdness & Mutations

You are completely covered in rugged brown scales. (AC +3, +7% HP)
You have supernaturally acute eyesight. (SInv)
Armour fits poorly on your strangely shaped body.
You can roll at nearby foes to attack.
You have a long armoured tail.
You curl defensively after being hit. (AC +7*)


Message History

Press: ? - help, Dir - look around, f - activate Really Slouch near your ice beast?
Okay, then.
Okay, then.
What are your orders? t - Shout!
Orders for allies: a - Attack new target. r - Retreat! s - Stop attacking. g - Guard the area. f - Follow me.
Anything else - Cancel.
Gang up on whom?
Press: ? - help, Dir - move target, f - seven-headed hydra
Aim: a seven-headed hydra Attack!
The frozen ramparts melt away.
Your ice beast barely misses the seven-headed hydra.
The seven-headed hydra bites your ice beast! x2
The seven-headed hydra closely misses your ice beast.
The seven-headed hydra bites your ice beast!
Your ice beast dies!
Your ice beast disappears in a puff of smoke!
Really read the scroll of torment?
As you read the scroll of torment, it crumbles to dust.
Your body is wracked with pain!
* * * LOW HITPOINT WARNING * * *
The seven-headed hydra convulses!
Really read the scroll of torment?
As you read the scroll of torment, it crumbles to dust.
Your body is wracked with pain!
* * * LOW HITPOINT WARNING * * *
The seven-headed hydra convulses!
Activating: Slouch (3% risk of failure)
Press: ? - help, Dir - look around, f - activate You can feel time thicken for a moment.
Cheibriados lowers the support of your attributes as your movement quickens.
The seven-headed hydra bites you but does no damage. x2
The seven-headed hydra misses you. The seven-headed hydra bites you.
* * * LOW HITPOINT WARNING * * *
The seven-headed hydra bites you but does no damage.
The seven-headed hydra bites you!
You die...

#........ #.........
#.....$.... ## ##^.........
###.. #........... P.....##
##..........r
##......###.....†.....r
#......8...††...........
...8......@D...†........
.......8........(........
...8......................
..........8.†.............
..........................
..........<.......#.#.....
..........................
..........................
...............#.......#.....


You could see a seven-headed hydra.

Vanquished Creatures
  Harold (D:7)
  A boulder beetle (Lair:5)
  4 hydras
  2 lindwurms
  10 elephants
  A merfolk siren (Lair:3)
  4 black mambas
  9 cane toads
  6 komodo dragons
  A rime drake (Lair:6)
  5 polar bears
  9 blink frogs
  3 basilisks
  5 wyverns
  18 yaks
  3 nagas (Lair:4)
  An acid dragon (D:8)
  8 water moccasins
  An orc warrior (D:8)
  A black bear (D:3)
  3 wolves (Lair:4)
  A necrophage (D:8)
  A centaur (D:8)
  12 bullfrogs
  Blork the orc (D:6)
  A kobold brigand (D:8)
  3 scorpions
  A water moccasin skeleton (D:4)
  13 wights
  2 howler monkeys (D:7)
  2 centaur zombies (D:6)
  A jelly (Lair:6)
  4 hounds
  2 gnoll shamans
  2 bullfrog skeletons
  2 centaur skeletons
  Ijyb (D:4)
  3 iguanas
  An orc wizard (D:8)
  6 hell rats (Lair:6)
  A yak simulacrum (Lair:3)
  3 polar bear simulacra (Lair:3)
  2 killer bee zombies
  3 wolf simulacra (Lair:3)
  5 gnolls (D:6)
  A howler monkey skeleton (D:6)
  6 adders
  2 white imps
  An ufetubus (D:6)
  An adder skeleton (D:4)
  8 dart slugs
  19 orcs
  6 bats
  8 endoplasms
  3 giant cockroaches
  11 goblins
  7 hobgoblins
  11 jackals
  10 kobolds
  5 quokkas
  7 ball pythons
  4 frilled lizards
  4 rats
  4 river rat simulacra (Lair:3)
287 creatures vanquished.

Vanquished Creatures (collateral kills)
  A necromancer (Lair:3)
  A black mamba (Lair:4)
  2 komodo dragons
  A blink frog (Lair:2)
5 creatures vanquished.

Vanquished Creatures (others)
  A bush (Lair:6)
  42 fungi
  39 plants
82 creatures vanquished.

Grand Total: 374 creatures vanquished

Notes
Turn   | Place    | Note
-------+----------+-------------------------------------------
     0 | D:1      | iguanaiguana the Palentonga Fighter began the quest for the
                  | Orb.
     0 | D:1      | Reached XP level 1. HP: 19/19 MP: 1/1
   197 | D:1      | Reached XP level 2. HP: 9/25 MP: 2/2
   814 | D:1      | Reached XP level 3. HP: 22/31 MP: 3/3
  1392 | D:2      | Found a snail-covered altar of Cheibriados.
  1406 | D:2      | Became a worshipper of Cheibriados the Contemplative
  1592 | D:2      | Reached XP level 4. HP: 37/37 MP: 4/4
  1970 | D:2      | Reached * piety under Cheibriados
  2097 | D:2      | Found a faded altar of an unknown god.
  2203 | D:2      | Found Jeype's General Store.
  2541 | D:3      | Found an opulent altar of Gozag.
  3364 | D:2      | Bought a potion of heal wounds for 65 gold pieces
  3364 | D:2      | Bought a scroll of identify for 26 gold pieces
  3397 | D:4      | Noticed a black bear
  3494 | D:3      | Killed a black bear
  3495 | D:3      | Reached skill level 1 in Ice Magic
  3495 | D:3      | Reached XP level 5. HP: 43/43 MP: 2/6
  3561 | D:4      | Reached skill level 1 in Spellcasting
  3561 | D:4      | Reached skill level 1 in Invocations
  3561 | D:4      | Reached XP level 6. HP: 50/50 MP: 7/7
  3632 | D:4      | Noticed Ijyb
  3661 | D:4      | Killed Ijyb
  3668 | D:4      | Reached skill level 1 in Summonings
  4236 | D:5      | Entered Level 5 of the Dungeon
  4258 | D:5      | Reached ** piety under Cheibriados
  4296 | D:5      | Gained mutation: You curl defensively after being hit. (AC
                  | +7*) [Palentonga growth]
  4296 | D:5      | Reached XP level 7. HP: 44/55 MP: 6/9
  4462 | D:5      | Reached skill level 2 in Invocations
  4469 | D:5      | Reached skill level 5 in Axes
  4527 | D:5      | Found Geistreg's Antique Armour Shop.
  4572 | D:5      | Found Wialuq's Distillery.
  4579 | D:5      | Bought a potion of curing for 33 gold pieces
  4970 | D:5      | Identified the +1 leather armour "Inaacak" {rC+ Str+4}
  4999 | D:5      | Learned a level 3 spell: Frozen Ramparts
  5061 | D:5      | Noticed Dowan
  5078 | D:5      | Found Zos Akat's Weapon Emporium.
  5120 | D:5      | Noticed Duvessa
  5888 | D:6      | Found a staircase to the Ecumenical Temple.
  6035 | D:6      | Noticed Blork the orc
  6045 | D:6      | Killed Blork the orc
  6046 | D:6      | Reached XP level 8. HP: 36/62 MP: 4/10
  6309 | D:6      | Reached skill level 5 in Ice Magic
  6361 | D:6      | Reached *** piety under Cheibriados
  7214 | D:7      | Noticed Harold
  7222 | D:7      | HP: 2/62 [Harold (14)]
  7223 | D:7      | Killed Harold
  7224 | D:7      | Reached skill level 1 in Dodging
  7224 | D:7      | Reached skill level 1 in Stealth
  7224 | D:7      | Reached skill level 3 in Invocations
  7224 | D:7      | Reached XP level 9. HP: 2/68 MP: 12/12
  8069 | D:8      | Reached skill level 4 in Invocations
  8373 | D:8      | Learned a level 4 spell: Summon Ice Beast
  8430 | D:8      | Found Isuciruryts's Gadget Gallery.
  8454 | D:8      | Reached **** piety under Cheibriados
  8718 | D:8      | Found Jouduq's Antique Weapon Emporium.
  8742 | D:8      | Bought an ichor-stained morningstar for 180 gold pieces
  8742 | D:8      | Identified the +6 morningstar of Intimidation {vorpal, rC+
                  | Stlth+} (You bought it in a shop on level 8 of the Dungeon)
  8841 | D:8      | Identified the -3 hat of Boredom {Rampage rN+ Regen+ Str-5}
  8987 | D:8      | Noticed a komodo dragon
  9000 | D:8      | Killed a komodo dragon
  9001 | D:8      | Reached skill level 1 in Maces & Flails
  9153 | D:8      | Reached XP level 10. HP: 71/75 MP: 10/14
  9214 | D:8      | Found a staircase to the Lair.
  9566 | Lair:1   | Entered Level 1 of the Lair of Beasts
  9595 | Lair:1   | Reached skill level 5 in Shields
  9609 | Lair:1   | Reached skill level 5 in Invocations
  9705 | Lair:1   | Noticed a cane toad
  9718 | Lair:1   | Killed a cane toad
 10591 | Lair:1   | Noticed a four-headed hydra
 10604 | Lair:1   | Killed a four-headed hydra
 10819 | Lair:1   | Noticed a cane toad
 10819 | Lair:1   | Noticed a cane toad
 10827 | Lair:1   | Killed a cane toad
 10828 | Lair:1   | Killed a cane toad
 10829 | Lair:1   | Reached skill level 6 in Invocations
 11065 | Lair:1   | Identified the +7 war axe of the End of Times {speed,
                  | *Noise Fly rC+}
 11067 | Lair:1   | Noticed a six-headed hydra
 11080 | Lair:1   | Killed a six-headed hydra
 11080 | Lair:1   | Reached ***** piety under Cheibriados
 11081 | Lair:1   | Reached XP level 11. HP: 73/83 MP: 12/16
 11404 | Lair:1   | Reached skill level 5 in Fighting
 11990 | Lair:2   | Noticed a lindwurm
 11998 | Lair:2   | Killed a lindwurm
 12357 | Lair:2   | Reached skill level 7 in Invocations
 12660 | Lair:2   | Reached skill level 5 in Maces & Flails
 13521 | Lair:3   | Noticed a necromancer
 13525 | Lair:3   | Killed a necromancer
 13866 | Lair:3   | Found a staircase to the Shoals.
 14052 | Lair:4   | Noticed an oklob plant
 14338 | Lair:4   | Noticed a seven-headed hydra
 14351 | Lair:4   | Killed a seven-headed hydra
 14352 | Lair:4   | Reached XP level 12. HP: 42/93 MP: 12/19
 14355 | Lair:4   | Reached skill level 5 in Armour
 14869 | Lair:4   | Found a staircase to the Snake Pit.
 15237 | Lair:4   | Reached skill level 8 in Invocations
 15835 | Lair:5   | Found an ancient bone altar of Kikubaaqudgha.
 15980 | Lair:5   | Noticed a boulder beetle
 16016 | Lair:5   | Killed a boulder beetle
 16538 | Lair:5   | Noticed a five-headed hydra
 16544 | Lair:5   | Killed a five-headed hydra
 16545 | Lair:5   | Reached skill level 5 in Spellcasting
 16835 | Lair:5   | Reached ****** piety under Cheibriados
 17691 | Lair:6   | Entered Level 6 of the Lair of Beasts
 17691 | Lair:6   | Noticed a death yak
 17691 | Lair:6   | Noticed a death yak
 17691 | Lair:6   | Noticed a death yak
 17691 | Lair:6   | Found a staircase to the Slime Pits.
 17696 | Lair:6   | Noticed a death yak
 17697 | Lair:6   | Noticed a death yak
 17698 | Lair:6   | Noticed a death yak
 17963 | Lair:6   | Reached skill level 9 in Invocations
 17979 | Lair:6   | Noticed a seven-headed hydra
 17985 | Lair:6   | Slain by a seven-headed hydra

Illustrated notes

Levels and vault maps discovered:
D:1:      dpeg_arrival_connections, layout_basic
D:2:      kennysheep_the_goblin_king, layout_basic, serial_shops, shop,
          basic_altar, shapermc_ecumenical_altar_ellora,
          chequers_serial_rivers_small_b
D:3:      layout_basic, nicolae_overflow_hidden_temple, minmay_checkerbox
D:4:      layout_rooms, uniq_ijyb
D:5:      layout_loops_corners, serial_shops, nicolae_square_shop, shop, shop,
          kennysheep_generic_room_6, uniq_duvessa
D:6:      layout_basic, minmay_temple_entry_antechambers,
          hangedman_decor_peaks_small, uniq_blork_the_orc
D:7:      layout_rooms, uniq_harold
D:8:      layout_loops_cross, erik_lair_dragon, serial_rivers,
          chequers_serial_rivers_micro_c, chequers_serial_rivers_micro_a,
          chequers_serial_rivers_micro_c, chequers_serial_rivers_micro_e,
          serial_shops, shop, corexii_hall_statues_t,
          chequers_serial_rivers_small_3, nicolae_shop_gadgets
Lair:1:   layout_cave_pods, lemuel_fruit_tree, grunt_megastairs_4
Lair:2:   layout_hall_layers
Lair:3:   layout_regular_city, minmay_shoals_entry_lonely_mermaid,
          serial_bayou_pond_e, eino_house_with_fridge
Lair:4:   layout_layer_cave, minmay_snake_entry_guardpost_small,
          minmay_lair_oklob_bushes
Lair:5:   layout_small_grid, basic_altar, infiniplex_staircase_pool_2
Lair:6:   evilmike_catoblepas_cave, layout_regular_city,
          nicolae_slime_entry_slimehenge, basic_altar, nicolae_lair_lindhole

Skill      XL: |  1  2  3  4  5  6  7  8  9 10 11 12 |
---------------+-------------------------------------+-----
Axes           | 3 4 5 6 |  6.1
Shields        | 3 4 5 6 7 |  7.7
Ice Magic      | 1 2 4 6 7 |  7.8
Spellcasting   | 1 2 3 4 5 |  5.3
Invocations    | 1 2 3 4 6 7 9 |  9.0
Summonings     | 1 2 3 4 |  4.8
Armour         | 3 4 5 |  5.5
Dodging        | 1 2 3 4 |  4.6
Stealth        | 1 2 |  2.0
Fighting       | 4 5 6 |  6.4
Maces & Flails | 1 3 5 7 |  7.0

Action                   |  1- 3 |  4- 6 |  7- 9 | 10-12 || total
-------------------------+-------+-------+-------+-------++-------
Melee: War axe           |    84 |   146 |    61 |       ||   291
       Tailslap          |     6 |    19 |    47 |    49 ||   121
       Hand axe          |       |       |   126 |       ||   126
       Morningstar       |       |       |    13 |   276 ||   289
Throw: Dart              |       |       |       |    21 ||    21
 Cast: Frozen Ramparts   |       |       |    20 |    58 ||    78
       Summon Ice Beast  |       |       |       |    20 ||    20
Invok: Bend Time         |       |     4 |       |       ||     4
       Slouch            |       |       |       |     4 ||     4
       Temporal Distorti |       |       |       |     1 ||     1
 Abil: Rolling Charge    |    12 |    28 |    27 |    20 ||    87
Evoke: Wand              |       |       |     9 |       ||     9
  Use: Scroll            |       |     4 |     4 |     6 ||    14
       Potion            |       |     2 |     1 |     2 ||     5
 Stab: Distracted        |       |       |       |     2 ||     2
       Sleeping          |       |       |       |     2 ||     2
Armor: Scale mail        |    36 |    31 |       |       ||    67
       Plate armour      |       |    59 |    19 |       ||    78
       Leather armour    |       |       |    85 |   138 ||   223
Dodge: Dodged            |    23 |    44 |    89 |   162 ||   318
Block: Buckler           |    18 |    21 |    58 |    95 ||   192
